 Dungeon Crawl Stone Soup version 0.24-a0-203-gf0bc1e94ae (webtiles) character file.

Game seed: 17064089878525038530

741 Orphidia the Grave Robber (level 7, 0/50 HPs)
             Began as a Demigod Necromancer on Mar 28, 2019.
             Killed by nerve-wracking pain
             ... invoked by a shadow imp
              (13 damage)
             ... on level 5 of the Dungeon.
             The game lasted 00:11:49 (4475 turns).

Orphidia the Grave Robber (Demigod Necromancer)     Turns: 4475, Time: 00:11:50

Health: 0/50       AC:  5    Str: 11    XL:     7   Next: 22%
Magic:  11/16      EV: 12    Int: 23    God:
Gold:   97         SH:  0    Dex: 15    Spells: 3/14 levels left

rFire    . . .     SeeInvis .   d - +7 dagger "Gaelemuc" {flame, rC+ Int+2 Dex-3}
rCold    + . .     Gourm    .   (no shield)
rNeg     . . .     Faith    .   a - +0 robe
rPois    .         Spirit   .   m - +2 helmet
rElec    .         Reflect  .   (no cloak)
rCorr    .         Harm     .   (no gloves)
MR       .....                  (no boots)
Stlth    ++........             (no amulet)
HPRegen  0.16/turn              u - ring of wizardry
MPRegen  0.15/turn              (no ring)

@: no status effects
A: high mp 1
a: no special abilities


You were on level 5 of the Dungeon.
You were not hungry.

You visited 1 branch of the dungeon, and saw 5 of its levels.

You collected 97 gold pieces.


Innate Abilities, Weirdness & Mutations

You have an increased reservoir of magic. (+10% MP)


   Skills:
 - Level 1.7 Dodging
 - Level 1.7 Stealth
 - Level 4.0 Spellcasting
 + Level 3.1 Hexes
 - Level 5.5 Necromancy
 + Level 3.2 Evocations


You had 3 spell levels left.
You knew the following spells:

 Your Spells              Type           Power        Failure   Level  Hunger
A - Pain                  Necr           ####         1%          1    None
B - Vampiric Draining     Necr           ####......   1%          3    ##.....
C - Animate Dead          Necr           N/A          4%          4    ####...
D - Confuse               Hex            ###.....     3%          3    ##.....

Your spell library contained the following spells:

 Spells                   Type           Power        Failure   Level  Hunger
 Animate Skeleton         Necr           N/A          1%          1    None
 Corona                   Hex            ###....      1%          1    None
 Ensorcelled Hibernation  Hex/Ice        ##....       3%          2    #......
 Tukima's Dance           Hex            ###.....     3%          3    ##.....
 Regeneration             Chrm/Necr      ###.......   4%          3    ##.....
 Dazzling Spray           Conj/Hex       ##....       6%          3    ##.....

Action                   |  1- 3 |  4- 6 |  7- 9 || total
-------------------------+-------+-------+-------++-------
Melee: Whip              |     5 |       |       ||     5
       Short sword       |    12 |    39 |       ||    51
       Dagger            |       |    91 |    30 ||   121
Throw: Tomahawk          |     2 |     1 |       ||     3
 Cast: Pain              |    60 |    11 |       ||    71
       Vampiric Draining |       |     5 |     3 ||     8
  Use: Scroll            |     3 |     2 |     2 ||     7
       Potion            |       |       |     1 ||     1
 Stab: Sleeping          |       |     7 |       ||     7
  Eat: Chunk             |     4 |     6 |       ||    10
       Ration            |       |     1 |       ||     1
Armor: Robe              |       |    21 |     9 ||    30
Dodge: Dodged            |    10 |    56 |    21 ||    87

Inventory:

Hand Weapons
 d - the +7 dagger "Gaelemuc" (weapon) {flame, rC+ Int+2 Dex-3}
   (You found it on level 4 of the Dungeon)

   It has been specially enchanted to burn those struck by it, causing extra
   injury to most foes and up to half again as much damage against particularly
   susceptible opponents.
   It affects your intelligence (+2).
   It affects your dexterity (-3).
   It protects you from cold.
 l - a +2 short sword of draining
Missiles
 k - 5 tomahawks (quivered)
Armour
 a - a +0 robe (worn)
 m - a +2 helmet (worn)
Jewellery
 u - a ring of wizardry (left hand)
Wands
 t - a wand of paralysis (6)
Scrolls
 b - 2 scrolls of blinking
 e - 5 scrolls of identify
 g - a scroll of noise {unknown}
 h - a scroll of remove curse {unknown}
 n - a scroll of fog
 o - 3 scrolls of teleportation
 p - a scroll of amnesia {unknown}
 q - a scroll of fear {unknown}
 r - a scroll of enchant armour
Potions
 f - a potion of magic
 i - 2 potions of curing
 j - a potion of cancellation
Comestibles
 c - 5 rations
 s - 4 chunks of flesh {@w1}

. #.....#......# .#
#....#..#...# ..
#.......#...# ..#
##.#..5.....#
..S####....##.5...# #..#
...#....#######...#####...#
...††#### ##............##
....## ##..............#
#..## #.....@........# ###
#..............#
#.............#
##.......÷....#
##..........>#
##...###..#..# ##### #..#
... ##.## . #..##


You could see a shadow imp.

Vanquished Creatures
  A phantom (D:2)
  A centaur (D:3)
  A bullfrog (D:5)
  A howler monkey (D:4)
  3 orc priests (D:4)
  2 orc wizards
  2 iguanas (D:4)
  3 worker ants
  11 adders
  A shadow imp (D:4)
  An ooze (D:4)
  An adder zombie (D:5)
  2 worms
  A dart slug (D:3)
  A leopard gecko (D:2)
  13 orcs
  4 ball pythons
  4 bats
  3 giant cockroaches
  6 goblins
  5 hobgoblins
  6 jackals
  A quokka (D:3)
  6 frilled lizards
  5 kobolds
  6 rats
91 creatures vanquished.

Levels and vault maps discovered:
D:1:      psy_arrival_statuary, layout_loops_ring, minmay_tetromino_i4
D:2:      layout_basic, chequers_hall_statues_y, minivault_26
D:3:      layout_basic, first_ration
D:4:      gammafunk_cloud_chamber, layout_rooms, kennysheep_mini_moat,
          grunt_dithmenos_shadows
D:5:      layout_cave_pods, minmay_fractal_squares_gapless_5


Message History

You feel sick.
* * * LOW HITPOINT WARNING * * *
You feel sick.
The crimson imp laughs crazily.
* * * LOW HITPOINT WARNING * * *
You feel sick.
* * * LOW HITPOINT WARNING * * *
You feel sick.
You feel better.
The crimson imp hits you but does no damage.
The crimson imp blinks!
The shadow imp gestures at you. Pain shoots through your body!
* * * LOW HITPOINT WARNING * * *
The crimson imp barely misses you.
The crimson imp summons a swarm of flies.
The crimson imp blinks!
The shadow imp gestures at you. Pain shoots through your body!
You die...

Notes
Turn   | Place    | Note
-------+----------+-------------------------------------------
     0 | D:1      | Orphidia the Demigod Necromancer began the quest for the
                  | Orb.
     0 | D:1      | Reached XP level 1. HP: 14/14 MP: 5/5
   900 | D:1      | Reached XP level 2. HP: 19/20 MP: 3/7
  1389 | D:2      | Reached skill level 4 in Necromancy
  1452 | D:2      | Reached XP level 3. HP: 22/26 MP: 4/9
  1674 | D:2      | Noticed a phantom
  1927 | D:3      | Noticed a centaur
  2091 | D:3      | Learned a level 3 spell: Vampiric Draining
  2113 | D:3      | Reached XP level 4. HP: 26/33 MP: 7/11
  2413 | D:3      | Killed a centaur
  2413 | D:3      | Reached skill level 5 in Necromancy
  2413 | D:3      | Reached XP level 5. HP: 30/38 MP: 11/13
  2433 | D:3      | Learned a level 4 spell: Animate Dead
  2875 | D:4      | Got a slimy dagger
  2876 | D:4      | Identified the +7 dagger "Gaelemuc" {flame, rC+ Int+2
                  | Dex-3} (You found it on level 4 of the Dungeon)
  3193 | D:4      | Found a shadowy altar of Dithmenos.
  3205 | D:4      | Learned a level 3 spell: Confuse
  3240 | D:4      | Reached XP level 6. HP: 39/45 MP: 15/15
  3242 | D:4      | Reached skill level 1 in Evocations
  3331 | D:4      | Reached skill level 1 in Hexes
  3340 | D:4      | Found a burning altar of Makhleb.
  3568 | D:4      | Found a transporter.
  3841 | D:4      | Found a transporter.
  4152 | D:5      | Entered Level 5 of the Dungeon
  4158 | D:5      | Reached XP level 7. HP: 39/50 MP: 16/16
  4475 | D:5      | Killed from afar by a shadow imp
